 Dungeon Crawl Stone Soup version 0.29.1-1-gd02db6906a (webtiles) character file.

Game seed: 14065170661546707199

17595 CertainDeath the Severer (level 12, -6/106 HPs)
             Began as a Ghoul Gladiator on Sept 25, 2022.
             Was an Initiate of Gozag.
             Mangled by an ettin
             ... wielding a +0 dire flail
              (9 damage)
             ... on level 11 of the Dungeon.
             The game lasted 00:27:53 (13374 turns).

CertainDeath the Severer (Ghoul Gladiator)         Turns: 13374, Time: 00:27:54

Health: -6/106     AC: 13    Str: 23    XL:     12   Next: 49%
Magic:  11/11      EV: 15    Int:  3    God:    Gozag
Gold:   2083       SH:  0    Dex: 10    Spells: 11/11 levels left

rFire   + . .      SeeInvis .   a - +2 battleaxe (flame)
rCold   + . .      Faith    .   (shield currently unavailable)
rNeg    + + +      Spirit   .   q - +2 ring mail {rF+}
rPois   ∞          Reflect  .   c - +1 helmet
rElec   .          Harm     .   k - +0 cloak
rCorr   .          Rampage  .   (no gloves)
Will    .....                   F - +2 pair of boots
Stlth   ..........              (no amulet)
HPRegen 0.00/turn               h - +4 ring of evasion
MPRegen 0.12/turn               (no ring)

@: gold aura, inhibited regen
A: claws 1, cold resistance 1, negative energy resistance 3, inhibited
regeneration, torment resistance 2, devour on kill
a: Renounce Religion, Potion Petition, Call Merchant, Bribe Branch


You were on level 11 of the Dungeon.
You worshipped Gozag.
Gozag was most pleased with you.
You visited 2 branches of the dungeon, and saw 13 of its levels.

You collected 2146 gold pieces.
You paid 63 gold pieces to Gozag.

Inventory:

Hand Weapons
 a - a +2 battleaxe of flaming (weapon)
 b - a +1 hand axe of venom
 I - a +0 broad axe
Missiles
 j - 3 atropa-tipped darts (quivered)
 l - 13 boomerangs
 r - 18 poisoned darts
 B - 5 curare-tipped darts
 H - 2 throwing nets
Armour
 c - a +1 helmet (worn)
 f - a +1 chain mail of cold resistance
 k - a +0 cloak (worn)
 q - a +2 ring mail of fire resistance (worn)
 x - a +0 buckler
 C - a +0 chain mail
 F - a +2 pair of boots (worn)
Jewellery
 h - a +4 ring of evasion (left claw)
 i - a +6 ring of intelligence
 n - a ring of wizardry
 y - a ring of fire
 A - an amulet of the acrobat
 E - a ring of ice
Wands
 m - a wand of quicksilver (12)
 v - a wand of charming (4)
Scrolls
 d - a scroll of magic mapping
 s - a scroll of blinking
 u - 3 scrolls of teleportation
 z - 4 scrolls of identify
 D - 2 scrolls of fear
Potions
 g - 7 potions of curing
 o - 5 potions of brilliance
 p - 3 potions of heal wounds
 t - a potion of ambrosia
 w - a potion of magic
 G - a potion of attraction {unknown}
 J - a potion of resistance {unknown}


   Skills:
 + Level 10.3 Fighting
 * Level 16.2 Axes
 - Level 1.7 Throwing
 - Level 2.6 Armour
 - Level 2.6 Dodging
 + Level 5.1 Shields


You had 11 spell levels left.
You didn't know any spells.
Your spell library contained the following spells:

 Spells                   Type           Power      Damage    Failure   Level
 Freeze                   Ice            0%         1d3       67%         1
 Magic Dart               Conj           0%         1d3       67%         1
 Sandblast                Erth           0%         2d4       67%         1
 Passwall                 Tmut/Erth      0%         N/A       82%         2
 Searing Ray              Conj           0%         2d4       82%         2
 Static Discharge         Conj/Air       0%         3-3/arc   82%         2
 Frozen Ramparts          Ice            0%         1d1       96%         3
 Ozocubu's Armour         Ice            0%         N/A       96%         3
 Stone Arrow              Conj/Erth      0%         3d7       96%         3
 Dispel Undead            Necr           0%         3d6       100%        4
 Fulminant Prism          Conj/Hex       0%         3d6       100%        4
 Hailstorm                Conj/Ice       0%         3d3       100%        4
 Sticky Flame             Conj/Fire      0%         2d3       100%        4
 Metabolic Englaciation   Hex/Ice        0%         N/A       100%        5
 Simulacrum               Ice/Necr       Unusable   N/A       N/A         6

Dungeon Overview and Level Annotations

Branches:
Dungeon (12/15)            Temple (1/1) D:4            Lair (0/5) D:9
    Orc (0/2) D:10

Altars:
Ashenzari
Dithmenos
Fedhas
Gozag
Kikubaaqudgha
Makhleb
Nemelex Xobeh
Okawaru
Qazlal
Ru
Uskayaw
Wu Jian
Xom
Yredelemnul

Shops:
D:8 *

Annotations:
D:3 2 transporters, Lambsauce's ghost, weakling MiFi


Innate Abilities, Weirdness & Mutations

You are immune to poison.
You have sharp fingernails.
Your flesh is cold resistant. (rC+)
You are immune to negative energy. (rN+++)
You do not regenerate when monsters are visible.
You are immune to unholy pain and torment.
You thrive by killing the living.


Message History

You completely miss the ettin.
The ettin is almost dead.
The ettin hits you with a +0 dire flail!!!
The ettin misses you.
You hear two shouts!
You hear a shout!
You slice the ettin!! You burn the ettin.
You kill the ettin!
Your Shields skill increases to level 5!
The ogre completely misses you.
Things that are here:
24 gold pieces; a +0 dire flail; a +0 dire flail You hit the ogre.
You burn the ogre.
The ogre is lightly wounded.
A cyclops comes into view.
The ogre barely misses you.
You hit the ogre. You burn the ogre.
The ogre is moderately wounded.
An ettin comes into view.
It is wielding a +0 dire flail and a +2 vorpal dire flail.
You closely miss the ogre.
The ogre is moderately wounded.
The ogre barely misses you.
You slash the ogre! You burn the ogre.
The ogre is severely wounded.
You slash the ogre! You burn the ogre.
You kill the ogre!
An ettin is nearby!
Throw: 2 javelins
Press: ? - help, Q - select action, (/) - cycle Shift-Dir - straight line, f - ettin
Aim: an ettin, wielding a +0 dire flail and a +2 vorpal dire flail (83% to hit)
You throw a javelin. The javelin pierces through the ettin!
The ettin is moderately wounded.
Throw: javelin
Press: ? - help, Q - select action, (/) - cycle Shift-Dir - straight line, f/p - ettin
Aim: an ettin, wielding a +0 dire flail and a +2 vorpal dire flail (moderately wounded, 83% to hit)
You throw a javelin. The javelin barely misses the ettin.
The ettin closely misses you.
The ettin hits you with a +2 vorpal dire flail!!!
* * * LOW HITPOINT WARNING * * *
You die...
Your body crumbles into a pile of gold.

....## #.# #..........
.....# #.# #...###.##.
.....########.# #...#
#.##. ..............#
##### #....
.....>###############...#
####. .###.## #(($$.(# .
####.### #.####...(.
.......# ##C# ...
######.# #.@# .
######.########.##
...............##
..........######
.......#### ##...###
#.### ###


You could see an ettin.

Vanquished Creatures
  An ettin (D:11)
  Fannar (D:11)
  Erica (D:8)
  4 two-headed ogres
  A cyclops (D:10)
  A manticore (D:11)
  Joseph (D:8)
  A troll (D:10)
  2 shadows
  27 yaks
  A vampire (D:10)
  3 wyverns
  2 wraiths (D:10)
  Menkaure (D:6)
  A warg (D:10)
  2 water moccasins
  An acid dragon (D:9)
  2 sky beasts
  3 ice beasts
  10 orc warriors
  2 black bears (D:5)
  4 ogres
  5 centaurs
  4 kobold brigands
  4 bullfrogs
  4 scorpions
  A gnoll sergeant (D:9)
  A necrophage (D:5)
  4 wights (D:8)
  17 killer bees
  5 spriggan skeletons (D:11)
  A troll skeleton (D:11)
  4 howler monkeys
  2 hounds
  9 orc priests
  2 jellies
  6 iguanas
  Terence (D:3)
  9 orc wizards
  9 adders
  6 gnolls
  2 shadow imps
  2 white imps
  2 ufetubi
  4 worms
  3 dart slugs
  35 orcs
  3 ball pythons (D:1)
  9 endoplasms
  4 giant cockroaches
  9 goblins
  9 hobgoblins
  4 quokkas
  7 bats
  4 frilled lizards
  13 kobolds
  5 rats
281 creatures vanquished.

Vanquished Creatures (others)
  A bush (D:9)
  22 fungi
  7 plants
30 creatures vanquished.

Grand Total: 311 creatures vanquished

Notes
Turn   | Place    | Note
-------+----------+-------------------------------------------
     0 | D:1      | CertainDeath the Ghoul Gladiator began the quest for the
                  | Orb.
     0 | D:1      | Reached XP level 1. HP: 17/17 MP: 0/0
    75 | D:1      | Reached skill level 3 in Axes
    75 | D:1      | Reached XP level 2. HP: 25/25 MP: 1/1
   164 | D:1      | Reached XP level 3. HP: 15/30 MP: 2/2
   443 | D:1      | Found a faded altar of an unknown god.
  1426 | D:2      | Reached XP level 4. HP: 28/38 MP: 3/3
  1555 | D:2      | Reached skill level 4 in Axes
  2010 | D:2      | Reached XP level 5. HP: 45/45 MP: 4/4
  2532 | D:3      | Found a transporter.
  2536 | D:3      | Found a transporter.
  2538 | D:3      | Noticed Lambsauce's ghost (weakling MiFi)
  2565 | D:3      | Noticed Terence
  2574 | D:3      | Killed Terence
  2960 | D:5      | Entered Level 5 of the Dungeon
  2976 | D:5      | Reached skill level 5 in Axes
  3041 | D:4      | Noticed an ogre
  3050 | D:4      | Killed an ogre
  3051 | D:4      | Reached XP level 6. HP: 53/53 MP: 5/5
  3063 | D:5      | Noticed an ice beast
  3076 | D:5      | Killed an ice beast
  3417 | D:4      | Found a staircase to the Ecumenical Temple.
  3431 | D:4      | Reached skill level 6 in Axes
  3431 | D:4      | Reached XP level 7. HP: 60/60 MP: 6/6
  3434 | Temple   | Entered the Ecumenical Temple
  3450 | Temple   | Became a worshipper of Gozag Ym Sagoz the Greedy
  3812 | D:4      | Found a blossoming altar of Fedhas.
  3879 | D:5      | Reached skill level 5 in Fighting
  3922 | D:5      | Reached skill level 7 in Axes
  3922 | D:5      | Reached XP level 8. HP: 29/70 MP: 7/7
  4267 | D:5      | Found a stormy altar of Qazlal.
  4270 | D:5      | Found a burning altar of Makhleb.
  4273 | D:5      | Found a sparkling altar of Nemelex Xobeh.
  4282 | D:5      | Found a broken altar of Ashenzari.
  4855 | D:6      | Reached skill level 13 in Axes
  4855 | D:6      | Reached XP level 9. HP: 75/75 MP: 8/8
  5272 | D:6      | Reached skill level 1 in Armour
  5572 | D:6      | Noticed Menkaure
  5582 | D:6      | Killed Menkaure
  5882 | D:7      | Found an ancient bone altar of Kikubaaqudgha.
  5914 | D:7      | Found a hide-covered altar of Uskayaw.
  5915 | D:7      | You fall into a shaft and drop 1 floor!
  5926 | D:8      | Found Ocrir's Gadget Gallery.
  6045 | D:8      | Identified the +6 leather armour "Teakumo" {rElec Will-
                  | Stlth+}
  6333 | D:7      | Reached XP level 10. HP: 45/84 MP: 9/9
  6606 | D:7      | Found a shimmering altar of Xom.
  6828 | D:8      | Reached skill level 14 in Axes
  7149 | D:8      | Found a shadowy altar of Dithmenos.
  7485 | D:8      | Noticed Joseph
  7521 | D:8      | Killed Joseph
  7675 | D:8      | Noticed Erica
  7694 | D:8      | Killed Erica
  8304 | D:9      | Reached XP level 11. HP: 94/94 MP: 10/10
  8334 | D:9      | Reached skill level 1 in Shields
  8882 | D:9      | Identified the ring "Coup" {Fire Str+3 Dex-5 Stlth+}
  8924 | D:10     | Entered Level 10 of the Dungeon
  9097 | D:9      | Reached skill level 15 in Axes
 10087 | D:9      | Found a staircase to the Lair.
 10503 | D:11     | Noticed a cyclops
 10503 | D:11     | Noticed a manticore
 10630 | D:10     | Killed a cyclops
 10888 | D:11     | Killed a manticore
 11368 | D:10     | Found a staircase to the Orcish Mines.
 11426 | D:10     | HP: 3/97 [orc priest/divine providence (13)]
 12067 | D:10     | Noticed a two-headed ogre
 12067 | D:10     | Noticed a two-headed ogre
 12067 | D:10     | Noticed a two-headed ogre
 12079 | D:10     | Killed a two-headed ogre
 12080 | D:10     | Reached XP level 12. HP: 62/105 MP: 11/11
 12083 | D:10     | Killed a two-headed ogre
 12097 | D:10     | Killed a two-headed ogre
 12122 | D:10     | Reached skill level 16 in Axes
 12449 | D:10     | Reached skill level 10 in Fighting
 12654 | D:11     | Noticed a two-headed ogre
 12659 | D:11     | Killed a two-headed ogre
 13113 | D:11     | Noticed Fannar
 13135 | D:11     | Killed Fannar
 13350 | D:11     | Noticed an ettin
 13358 | D:11     | Killed an ettin
 13359 | D:11     | Reached skill level 5 in Shields
 13362 | D:11     | Noticed an ettin
 13374 | D:11     | HP: 3/106 [ettin/+0 dire flail (39)]
 13374 | D:11     | Mangled by an ettin

Illustrated notes

Levels and vault maps discovered:
D:1:      mushboom_english_gardens, layout_basic, ebering_ecumenical_altar_webs
D:2:      minmay_chambers_of_twos, layout_basic
D:3:      layout_rooms, gammafunk_ghost_mausoleum, uniq_terence
D:4:      layout_loops_ring, general_overflow_altar,
          minmay_temple_entry_junction, serial_glass, glass_columns_a,
          glass_columns_a, glass_columns_a, glass_columns_a, glass_columns_b,
          glass_columns_a
D:5:      layout_loops_ring, good_gods_mini_temple,
          grunt_temple_overflow_cloverleaf
D:6:      layout_loops_cross, uniq_menkaure
D:7:      layout_loops_ring, gammafunk_temple_overflow_forgotten,
          grunt_tough_drop
D:8:      layout_basic, mainiacjoe_overflow_cross_hatched, nicolae_shop_gadgets,
          uniq_joseph, uniq_erica
D:9:      layout_layer_cave, grunt_lair_entry_orc_guard_hut, serial_glass,
          glass_columns_c, glass_columns_a, enter_bailey_5,
          kb_lookout_dungeons_type
D:10:     layout_gridville, david_orc_1_choice, minmay_joined_circles
D:11:     giant_chief_lemuel, layout_loops_cross, hangedman_tell_no_tales,
          uniq_fannar
D:12:     layout_loops_corners, minivault_11, uniq_kirke
Temple:   zaba_magenta_temple

Skill      XL: |  1  2  3  4  5  6  7  8  9 10 11 12 |
---------------+-------------------------------------+-----
Axes           | 3 4 5 6 7 13 14 15 16 | 16.2
Fighting       | 3 4 5 6 8 9 10 | 10.3
Armour         | 2 |  2.6
Shields        | 4 5 |  5.1
Throwing       | |  1.7
Dodging        | |  2.6

Action                   |  1- 3 |  4- 6 |  7- 9 | 10-12 || total
-------------------------+-------+-------+-------+-------++-------
Melee: War axe           |    76 |   151 |     6 |   109 ||   342
       Punch             |       |     1 |     2 |     5 ||     8
       Hand axe          |       |     8 |   199 |   385 ||   592
       Battleaxe         |       |       |       |   171 ||   171
Throw: Throwing net      |       |     4 |     1 |     3 ||     8
       Javelin           |       |       |       |     8 ||     8
  Use: Scroll            |       |    10 |     7 |     6 ||    23
       Potion            |       |       |     1 |     1 ||     2
 Stab: Held in net/web   |       |     3 |       |     1 ||     4
       Distracted        |       |       |     1 |     3 ||     4
Armor: Leather armour    |    25 |    25 |       |       ||    50
       Ring mail         |       |    20 |    67 |   132 ||   219
Dodge: Dodged            |    77 |   144 |   131 |   335 ||   687
Block: Buckler           |       |       |       |     2 ||     2
